 Dungeon Crawl Stone Soup version 0.17.1-3-g152610e (webtiles) character file.

53 Gargoyl the Skirmisher (level 3, 0/29 HPs)
             Began as a Demonspawn Abyssal Knight on Apr 14, 2016.
             Was a Believer of Lugonu.
             Succumbed to an adder's poison
             ... on level 2 of the Dungeon.
             The game lasted 00:05:28 (1832 turns).

Gargoyl the Skirmisher (Demonspawn Abyssal Knight)  Turns: 1832, Time: 00:05:28

Health: 0/29       AC:  8    Str: 18      XL:     3   Next: 62%
Magic:  1/4        EV:  9    Int: 12 (13) God:    Lugonu [**....]
Gold:   100        SH:  0    Dex: 12      Spells: 0 memorised, 2 levels left

rFire  + . .     SeeInvis .     e - +0 glaive
rCold  x . .     Clarity  .     h - +0 chain mail
rNeg   . . .     SustAt   .     (shield currently unavailable)
rPois  .         Gourm    .     (helmet restricted)
rElec  .         Spirit   +     (no cloak)
rCorr  .         Warding  .     (no gloves)
rMut   .         Stasis   .     (no boots)
MR     .....                    (no amulet)
Stlth  ..........               m - +2 ring of evasion
                                g - ring of fire

@: mighty, lethally poisoned (0 -> -4), invisible, not resistant to hostile
enchantments, extremely unstealthy
A: antennae 1, magic shield
a: Depart the Abyss, Bend Space, Renounce Religion


You were on level 2 of the Dungeon.
You worshipped Lugonu.
Lugonu was pleased with you.
You were very hungry.

You visited 1 branch of the dungeon, and saw 2 of its levels.
You visited the Abyss 1 time.

You collected 100 gold pieces.

Inventory:

Hand Weapons
 a - a +1 hand axe
 e - a +0 glaive (weapon)
Armour
 h - a +0 chain mail (worn)
Jewellery
 g - a ring of fire (left hand)
 m - a +2 ring of evasion (right hand)
Scrolls
 b - 3 scrolls of immolation {unknown}
 d - 3 scrolls of identify {unknown}
 i - a scroll of magic mapping {unknown}
 j - a scroll of teleportation {unknown}
 k - 2 scrolls of fear {unknown}
 l - a scroll of noise {unknown}
 p - a scroll of amnesia {unknown}
 s - a scroll of blinking {unknown}
 t - a scroll of fog {unknown}
Potions
 v - a potion of brilliance {unknown}
Books
 f - a book of Geomancy

   Spells                             Type                      Level
   a - Sandblast                      Earth                        1
   b - Stoneskin                      Transmutation/Earth          2
   c - Passwall                       Transmutation/Earth          3
   d - Stone Arrow                    Conjuration/Earth            3
   e - Petrify                        Transmutation/Earth          4
   f - Lee's Rapid Deconstruction     Earth                        5
Comestibles
 c - a bread ration
 q - a meat ration
 u - a royal jelly


   Skills:
 + Level 3.5 Fighting
 + Level 2.0 Axes
 + Level 0.5(1.3) Polearms
 * Level 2.6 Armour
 + Level 1.3 Dodging
 + Level 2.5 Invocations


You had 2 spell levels left.
You didn't know any spells.

Dungeon Overview and Level Annotations

Branches:
Dungeon (2/15)

Altars:
Trog


Innate Abilities, Weirdness & Mutations

You have a pair of small antennae on your head.
When hurt, damage is shared between your health and your magic reserves.


Message History

The adder bites you but does no damage.
You closely miss the adder.
The adder is severely wounded.
* * * LOW HITPOINT WARNING * * *
You feel sick. The adder closely misses you. The adder bites you.
* * * LOW HITPOINT WARNING * * *
The adder barely misses you.
Your chain mail prevents you from hitting the adder.
The adder is severely wounded.
* * * LOW HITPOINT WARNING * * *
You feel sick. The adder bites you but does no damage. The adder bites you.
Drink which item? (? for menu, Esc to quit)
It was a potion of degeneration.
There was something very wrong with that liquid.
You feel dopey. The adder bites you but does no damage.
Drink which item? (? for menu, Esc to quit)
It was a potion of invisibility.
You fade into invisibility!
You die...

#. #.# #.#.#.####.###.
.. #.# #.#.#..##...#..
.## .##.#
#......).._.... .
...(#####......).......
#...............####.
#.##......#.....###..
#.##.##.######.....).
##.##.# #.......
#.@.#.# ##.#####
......$S...# ##.# ##
####.#...### ###...###.
#.#...# #......... #
..... ..#...#.##
.#...## ##. #.# %##.##
# #†# # #<# #.# #.#


You could see an adder.

Vanquished Creatures
  An adder (D:2)
  An ooze (D:2)
  2 giant geckos
  2 bats (D:2)
  3 giant cockroaches (D:1)
  7 hobgoblins
  2 jackals (D:1)
  A ball python (D:1)
  4 giant newts
  4 goblins (D:1)
  5 kobolds
  4 rats
36 creatures vanquished.

Notes
Turn   | Place    | Note
--------------------------------------------------------------
     0 | Abyss:1  | Gargoyl the Demonspawn Abyssal Knight began the quest for the Orb.
     0 | Abyss:1  | Reached XP level 1. HP: 18/18 MP: 2/2
    36 | Abyss:2  | Noticed a neqoxec
    53 | Abyss:2  | Noticed an iron imp
    58 | Abyss:2  | Noticed a ynoxinul
   105 | Abyss:3  | Found a corrupted altar of Lugonu.
   107 | Abyss:3  | Noticed a neqoxec
   193 | Abyss:4  | Noticed a spriggan
   194 | D:1      | Escaped the Abyss
   441 | D:1      | Reached * piety under Lugonu
   541 | D:1      | Gained mutation: You have a pair of small antennae on your head. [demonic ancestry]
   541 | D:1      | Reached XP level 2. HP: 24/24 MP: 3/3
  1130 | D:2      | Reached skill level 1 in Dodging
  1130 | D:2      | Gained mutation: When hurt, damage is shared between your health and your magic reserves. [demonic ancestry]
  1130 | D:2      | Reached XP level 3. HP: 25/29 MP: 4/4
  1453 | D:2      | Reached ** piety under Lugonu
  1466 | D:2      | Found a bloodstained altar of Trog.
  1830 | D:2      | HP: 1/29 [poisoned by an adder]
  1832 | D:2      | Succumbed to an adder's poison

Action                   || total
-------------------------++-------
Melee: Glaive            ||   145
Invok: Depart the Abyss  ||     1
  Use: Potion            ||     4
  Eat: Chunk             ||     2
